 Dungeon Crawl Stone Soup version 0.29.0-4-gdea44cf6ec (webtiles) character file.

Game seed: 3790208437678174912

3 qw the Sneak (level 1, -7/14 HPs)
             Began as a Gargoyle Delver on Sept 10, 2022.
             Mangled by a worm (10 damage)
             ... on level 3 of the Dungeon.
             The game lasted 00:00:03 (40 turns).

qw the Sneak (Gargoyle Delver)                        Turns: 40, Time: 00:00:04

Health: -7/14      AC:  5    Str: 15    XL:     1   Next: 50%
Magic:  1/1        EV: 11    Int: 10    God:
Gold:   0          SH:  0    Dex: 11    Spells: 0/0 levels left

rFire   . . .      SeeInvis .   a - +0 hand axe
rCold   . . .      Faith    .   (no shield)
rNeg    + . .      Spirit   .   b - +0 leather armour
rPois   inf        Reflect  .   (no helmet)
rElec   +          Harm     .   (no cloak)
rCorr   .          Rampage  .   (no gloves)
Will    .....                   (no boots)
Stlth   +++.......              (no amulet)
HPRegen 0.04/turn               (no ring)
MPRegen 0.07/turn               (no ring)

@: no status effects
A: sickness immunity, AC +2, negative energy resistance 1, electricity
resistance, torment resistance 1, petrification resistance
a: no special abilities


You were on level 3 of the Dungeon.
You visited 1 branch of the dungeon, and saw 3 of its levels.


Innate Abilities, Weirdness & Mutations

You are immune to sickness and miasma.
Your stone body is resilient. (AC +2)
You are immune to poison.
You resist negative energy. (rN+)
You are resistant to electric shocks. (rElec)
You are resistant to unholy torment.
You are immune to petrification.


   Skills:
 - Level 3.2 Fighting
 + Level 2.1 Axes
 - Level 1.5 Dodging
 - Level 5.4 Stealth


You couldn't memorise any spells.
You didn't know any spells.
Your spell library was empty.

Inventory:

Hand Weapons
 a - a +0 hand axe (weapon)
Armour
 b - a +0 leather armour (worn)
Wands
 g - a wand of digging (3)
Potions
 f - a potion of haste

Dungeon Overview and Level Annotations

Branches:
Dungeon (5/15)
 Temple: D:4-7

Altars:


Message History

The orc hits you with a +0 falchion.
You barely miss the orc. The orc hits you with a +0 falchion.
You hit the orc.
The orc is severely wounded.
The orc closely misses you.
You hit the orc but do no damage.
The orc is severely wounded.
The orc hits you but does no damage. The orc hits you with a +0 falchion.
You closely miss the orc.
The orc is severely wounded.
The orc hits you but does no damage.
You hit the orc but do no damage.
The orc is severely wounded.
The orc hits you but does no damage.
You slash the orc!
You kill the orc!
You barely miss the adder. The adder bites you but does no damage.
The adder misses you.
Your Axes skill increases to level 2!
You hit the worm.
The worm is lightly wounded.
You barely miss the adder. The adder barely misses you.
You hit the worm.
The worm is heavily wounded.
You barely miss the adder. The adder bites you. The worm misses you.
The adder misses you.
You hit the worm.
The worm is severely wounded.
You hit the adder but do no damage. The adder misses you.
The worm bites you but does no damage.
You barely miss the worm.
The worm is heavily wounded.
You miss the adder. The adder bites you but does no damage.
A goblin comes into view. It is wielding a +0 club.
The adder barely misses you. The worm bites you!
Ouch! That really hurt!
You die...

##.#.#.#.##
g......... .
..#.#.#.#.#
#.........#
#.#.#.#..#
.######.......#
......<.w#S.#####
#.>.@......#
##.###.....# #.#
....# #.# ....
... J.# #.. .#
... # ###.


You could see a worm, an adder, an endoplasm (asleep) and a goblin.

Vanquished Creatures
  An orc (D:3)
  A goblin (D:4)
2 creatures vanquished.

Notes
Turn   | Place    | Note
-------+----------+-------------------------------------------
     0 | D:5      | qw the Gargoyle Delver began the quest for the Orb.
     0 | D:5      | Reached XP level 1. HP: 14/14 MP: 1/1
     0 | D:5      | 0 ||| qw: Version: 0.1-a-116-g5d60599
     0 | D:5      | 0 ||| qw: Game counter: 8886
     0 | D:5      | 0 ||| qw: Always use a shield: true
     0 | D:5      | 0 ||| qw: God list: Okawaru
     0 | D:5      | 0 ||| qw: Allow faded altars: false
     0 | D:5      | 0 ||| qw: Do Orc after D:15 true
     0 | D:5      | 0 ||| qw: Do second Lair branch before Depths: true
     0 | D:5      | 0 ||| qw: Lair rune preference: random
     0 | D:5      | 0 ||| qw: Plans: Normal
     0 | D:5      | 0 ||| PLANNING D:1-11
     0 | D:5      | 0 ||| DROPPING scroll of fog.
     1 | D:5      | 1 ||| DROPPING scroll of magic mapping.
     2 | D:5      | 2 ||| DROPPING scroll of fear.
    24 | D:3      | 24 ||| Stepping ~*~*~tactically~*~*~ (stealth).
    27 | D:3      | 27 ||| Stepping ~*~*~tactically~*~*~ (stealth).
    38 | D:3      | HP: 3/14 [adder (3)]
    40 | D:3      | Mangled by a worm

Levels and vault maps discovered:
D:3:      layout_basic, serial_co_window_serial, co_window_of_opportunity_a,
          co_window_corner_a, co_window_paths_a, co_window_corner_a,
          co_window_corner_a, co_window_of_opportunity_a, co_window_cross_1,
          co_window_2corner, co_window_2corner, co_window_unsneaky_path_b,
          co_window_cross_2, co_window_cross_4, co_window_broadway_a,
          co_window_corner_b, glass_columns_a, glass_columns_a, glass_columns_c,
          glass_columns_b, uniq_robin, uniq_ijyb
D:4:      layout_loops_cross, minmay_increasing_density, uniq_duvessa
D:5:      dreamdust_elfheim, layout_rooms, serial_shops, nicolae_diamond_shop,
          nicolae_grassy_gnolls

Skill      XL: |  1 |
---------------+----+-----
Axes           | 2 |  2.1
Fighting       | |  3.2
Dodging        | |  1.5
Stealth        | |  5.4

Action                   || total
-------------------------++-------
Melee: Hand axe          ||    14
Armor: Leather armour    ||     6
Dodge: Dodged            ||     9

Table legend:
 A = Non-vault XP
 B = Vault XP
 C = Vault XP percentage of total XP
 D = Non-vault monster count
 E = Vault monster count
 F = Vault count percentage of total count
                 A         B        C        D         E       F
            +---------+---------+-------+---------+---------+-------
      Total |       5 |       0 |   0.0 |       2 |       0 |   0.0
            +---------+---------+-------+---------+---------+-------
        D:3 |       3 |       0 |   0.0 |       1 |       0 |   0.0
        D:4 |       2 |       0 |   0.0 |       1 |       0 |   0.0
            +---------+---------+-------+---------+---------+-------
